 Dungeon Crawl Stone Soup version 0.25-a0-578-gc91f01c39c (webtiles) character file.

Game seed: 8133697550541324197, levelgen mode: deterministic

117937 Flugslaktarn the Severer (level 15, -3/144 HPs)
             Began as a Deep Dwarf Fighter on Mar 5, 2020.
             Was the Champion of Makhleb.
             Slain by a shambling mangrove (8 damage)
             ... on level 3 of the Swamp.
             The game lasted 00:13:22 (14679 turns).

Flugslaktarn the Severer (Deep Dwarf Fighter)      Turns: 14679, Time: 00:13:22

Health: -3/144     AC: 25    Str: 25    XL:     15   Next: 93%
Magic:  7/7        EV:  3    Int: 10    God:    Makhleb [******]
Gold:   4833       SH: 22    Dex: 14    Spells: 14/14 levels left

rFire    + . .     SeeInvis .   a - +6 broad axe (vorpal)
rCold    . . .     Gourm    .   j - +2 tower shield
rNeg     + . .     Faith    .   F - +2 chain mail {rPois}
rPois    +         Spirit   .   s - +0 helmet
rElec    .         Reflect  .   l - +0 cloak
rCorr    .         Harm     .   H - +1 pair of gloves
MR       +++..                  J - +1 pair of boots {Stlth+}
Stlth    ..........             (no amulet)
HPRegen  0.00/turn              f - ring of protection from fire
MPRegen  0.10/turn              m - ring of protection from magic

@: about to teleport, grasped by roots, non-regenerating, constricted, studying
Evocations
A: damage resistance, heal wounds, slimy green scales 1, agile 1, negative
energy resistance 1, sense surroundings 2, poison resistance, no regeneration
}: 1/15 runes: serpentine
a: Heal Wounds, Minor Destruction, Lesser Servant of Makhleb, Major Destruction,
Greater Servant of Makhleb, Renounce Religion


You were on level 3 of the Swamp.
You worshipped Makhleb.
Makhleb was exalted by your worship.
You were hungry.

You visited 5 branches of the dungeon, and saw 24 of its levels.

You collected 5616 gold pieces.
You spent 783 gold pieces at shops.

Inventory:

Hand Weapons
 a - a +6 vorpal broad axe (weapon)
   (You took it off Urug on level 10 of the Dungeon)
 b - a +0 broad axe of flaming
   (You took it off a naga on level 4 of the Snake Pit)
Missiles
 A - 4 throwing nets (quivered)
Armour
 c - a +0 kite shield
 j - a +2 tower shield (worn)
   (You found it on level 5 of the Dungeon)
 l - a +0 cloak (worn)
   (You found it on level 3 of the Dungeon)
 s - a +0 helmet (worn)
   (You found it on level 3 of the Dungeon)
 C - a +0 chain mail
   (You took it off an orc warrior on level 7 of the Dungeon)
 F - a +2 chain mail of poison resistance (worn)
   (You found it on level 8 of the Dungeon)
 H - a +1 pair of gloves (worn)
   (You found it on level 10 of the Dungeon)
 J - a +1 pair of boots of stealth (worn)
   (You found it on level 10 of the Dungeon)
Jewellery
 f - a ring of protection from fire (left hand)
   (You found it on level 4 of the Dungeon)
 i - an uncursed ring of see invisible
   (You found it on level 1 of the Lair of Beasts)
 m - a ring of protection from magic (right hand)
   (You found it on level 7 of the Dungeon)
 I - an uncursed ring of protection from fire
   (You found it on level 1 of the Lair of Beasts)
 R - an uncursed ring of wizardry {unknown}
   (You found it on level 5 of the Lair of Beasts)
Wands
 D - a wand of iceblast (17)
   (You found it on level 10 of the Dungeon)
 M - a wand of paralysis (38)
   (You found it on level 10 of the Dungeon)
Scrolls
 r - 5 scrolls of identify
 t - 13 scrolls of teleportation
 x - 9 scrolls of remove curse
 y - a scroll of torment
 B - a scroll of fog
 K - 3 scrolls of summoning
 N - a scroll of enchant armour
Potions
 d - a potion of might
 k - 5 potions of brilliance
 n - a potion of resistance
 o - a potion of ambrosia
 p - 3 potions of stabbing
 q - 2 potions of curing
 u - 2 potions of flight
 v - 2 potions of mutation
 w - 2 potions of heal wounds
 L - 3 potions of invisibility
 S - a potion of cancellation {unknown}
 T - a potion of berserk rage {unknown}
 V - a potion of magic
 W - 2 potions of degeneration {unknown}
Books
 O - a manual of Evocations
   (You acquired it on level 4 of the Snake Pit)
Comestibles
 e - 29 rations
 g - 11 chunks of flesh


   Skills:
 + Level 12.1 Fighting
 + Level 15.6 Axes
 + Level 14.0 Armour
 + Level 14.0 Shields
 + Level 14.7 Invocations


You had 14 spell levels left.
You didn't know any spells.
Your spell library was empty.

Dungeon Overview and Level Annotations

Branches:
Dungeon (10/15)            Temple (1/1) D:6            Lair (6/6) D:9
  Swamp (3/4) Lair:2        Snake (4/4) Lair:2
  Slime: Lair:5-6       Orc: D:9-12

Altars:
Ashenzari
Cheibriados
Dithmenos
Elyvilon
Fedhas
Gozag
Hepliaklqana
Kikubaaqudgha
Makhleb
Nemelex Xobeh
Okawaru
Qazlal
Ru
Sif Muna
Trog
Uskayaw
Vehumet
Wu Jian
Xom
Yredelemnul
Zin
The Shining One

Shops:
D:8 *   Snake:4 !

Portals:
Abyss: D:10
Trove: D:10 (give 7 scrolls of blinking)

Annotations:
D:9 3 runed translucent doors, Flugslaktarn's ghost, novice DDFi; Tenz's ghost, novice SpAs
D:10 2 transporters, Flugslaktarn's ghost, journeyman DDFi
Lair:4 exclusion: oklob plant
Lair:5 exclusion: oklob plant


Innate Abilities, Weirdness & Mutations

You are resistant to damage.
You can heal yourself by infusing magical energy.
You resist negative energy. (rN+)
You passively map the area around you.
You do not regenerate.
You are partially covered in slimy green scales. (AC +2)
You are agile. (Dex +2)
Your system is resistant to poisons. (rPois)


Message History

* * * LOW HITPOINT WARNING * * *
Branches wave dangerously above you. A root smacks you from below!
* * * LOW HITPOINT WARNING * * *
The hornet stings you but does no damage.
You block the hornet's attack. x2
You block the shambling mangrove's attack.
* * * LOW HITPOINT WARNING * * *
The grasping roots constrict you! The hornet stings you.
The hornet stings you but does no damage. x2
You escape the roots' grasp.
You feel yourself speed up.
You are hit by a branch.
* * * LOW HITPOINT WARNING * * *
You block the shambling mangrove's attack.
The hornet completely misses you.
The spriggan druid calls out to the beasts of the wild!
Roots burst forth from the earth!
The grasping roots grab you!
You die...

≈ , ,* , , ,
, , ≈≈.≈♣♣ ≈
,, * ..≈≈.♣♣♣
≈ , ,, ≈ *
*♣≈≈≈≈♣≈≈♣ ≈≈
, * *
♣♣♣.≈≈≈.... ≈
, * , *
♣.≈≈≈≈≈≈≈≈.,,
**
*.≈.≈≈≈.≈≈≈≈
, , ,
♣♣♣≈≈....≈≈.,
≈ * , , *
♣@yy†♣≈.§≈≈≈
, ≈ ≈ * *
♣yf≈..♣ ≈, *
*♣.≈≈≈≈.♣ ,
♣♣i.♣♣♣♣ ≈ ,≈
, ≈ ≈ ,* ♣..♣
≈ ≈ , , ,≈
....♣ ≈ ,, ,
≈ ≈.≈≈§[
,≈≈,≈ ≈ ≈,
*♣♣.≈≈≈≈ , ,
* ≈ , ♣.≈ ≈,
*


You could see a shambling mangrove, a spriggan druid and 3 hornets.

Vanquished Creatures
  Agnes (Snake:4)
  A thorn hunter (Swamp:2)
  5 nagarajas (Snake:4)
  A fire dragon (Lair:6)
  Josephine (Lair:4)
  Harold (D:7)
  4 hydras
  10 naga warriors
  Erica (Lair:1)
  3 anacondas
  A two-headed ogre (D:10)
  5 alligators (Swamp:2)
  7 death yaks
  9 naga sharpshooters
  Urug (D:10)
  A shock serpent (Snake:2)
  A sea snake (Snake:4)
  2 swamp dragons
  4 naga ritualists
  An ugly thing (D:8)
  3 mana vipers
  A wolf spider (Lair:6)
  7 salamanders
  6 elephants (Lair:6)
  31 black mambas
  4 guardian serpents
  15 naga magi
  10 spiny frogs
  Maggie (D:9)
  5 komodo dragons
  4 tyrant leeches (Swamp:2)
  2 polar bears
  4 hornets
  2 trolls
  Grinder (D:6)
  20 blink frogs
  6 hippogriffs
  10 slime creatures
  3 bog bodies
  5 redbacks (Lair:6)
  3 wraiths (Lair:4)
  2 spriggans (Swamp:2)
  32 yaks
  3 basilisks
  13 wyverns
  A hungry ghost (D:8)
  2 steam dragons (Lair:6)
  6 vampire mosquitoes
  6 insubstantial wisps (Swamp:2)
  17 water moccasins
  31 nagas
  4 swamp worms
  7 porcupines
  4 acid dragons (Lair:6)
  2 black bears
  3 sky beasts
  A swamp drake (Lair:6)
  4 orc warriors
  5 ogres
  2 phantoms
  17 wolves
  3 centaurs
  10 crocodiles
  6 big kobolds
  13 bullfrogs
  A scorpion (D:9)
  5 killer bees
  A wight (D:10)
  6 howler monkeys
  3 electric eels
  12 crimson imps
  A bullfrog skeleton (D:10)
  4 hounds
  3 jellies (D:10)
  3 gnoll shamans
  10 orc priests
  2 centaur skeletons
  12 orc wizards
  3 iguanas
  13 worker ants
  A killer bee zombie (D:7)
  2 hound zombies
  A howler monkey skeleton (D:8)
  A worker ant zombie (D:6)
  12 gnolls
  11 adders
  4 shadow imps
  5 oozes (D:10)
  2 adder skeletons
  3 adder zombies
  A worm (D:2)
  A dart slug (D:3)
  7 leopard geckos
  69 orcs
  7 bats
  5 giant cockroaches
  6 goblins
  3 hobgoblins
  6 jackals
  30 kobolds
  5 quokkas
  A ball python skeleton (D:6)
  7 frilled lizards
  A giant cockroach zombie (D:6)
  6 rats
  7 fungi
  14 plants
694 creatures vanquished.

Vanquished Creatures (collateral kills)
  3 hydras
  A death yak (Lair:5)
  A shock serpent (Snake:4)
  2 naga magi (Snake:4)
  A komodo dragon (Lair:5)
  2 yaks (Lair:5)
  2 wolves (Lair:5)
  2 bullfrogs (Lair:5)
  A fungus (Lair:6)
15 creatures vanquished.

Vanquished Creatures (others)
  A hornet (Swamp:2)
  4 fungi (Lair:6)
  9 plants (Lair:6)
  5 withered plants (D:9)
19 creatures vanquished.

Grand Total: 728 creatures vanquished

Notes
Turn   | Place    | Note
-------+----------+-------------------------------------------
     0 | D:1      | Flugslaktarn the Deep Dwarf Fighter began the quest for the
                  | Orb.
     0 | D:1      | Reached XP level 1. HP: 20/20 MP: 1/1
   154 | D:1      | Reached XP level 2. HP: 21/27 MP: 2/2
   237 | D:2      | Found a blossoming altar of Fedhas.
   254 | D:2      | Reached skill level 3 in Axes
   290 | D:2      | Reached XP level 3. HP: 33/33 MP: 3/3
   413 | D:3      | Reached XP level 4. HP: 35/42 MP: 4/4
   475 | D:3      | Reached skill level 4 in Axes
   478 | D:3      | Reached XP level 5. HP: 29/49 MP: 5/5
   662 | D:4      | Reached XP level 6. HP: 31/56 MP: 6/6
   790 | D:4      | Found a shimmering altar of Xom.
   814 | D:4      | Reached skill level 5 in Axes
   860 | D:4      | Paralysed by a crimson imp for 6 turns
  1066 | D:5      | Entered Level 5 of the Dungeon
  1246 | D:5      | Found a shimmering altar of Xom.
  1318 | D:5      | Found a shimmering blue altar of Sif Muna.
  1375 | D:5      | Found a shadowy altar of Dithmenos.
  1431 | D:5      | Reached skill level 5 in Shields
  1431 | D:5      | Reached XP level 7. HP: 41/64 MP: 6/6
  1450 | D:5      | Reached skill level 5 in Armour
  1467 | D:5      | Reached skill level 6 in Axes
  1822 | D:6      | Noticed Grinder
  1828 | D:6      | Found a shadowy altar of Dithmenos.
  1846 | D:6      | Paralysed by Grinder for 3 turns
  1860 | D:6      | Reached XP level 8. HP: 50/73 MP: 6/6
  1863 | D:6      | Killed Grinder
  1863 | D:6      | Reached skill level 7 in Axes
  1896 | D:6      | Reached skill level 5 in Fighting
  2083 | D:6      | Found a hide-covered altar of Uskayaw.
  2083 | D:6      | Found an ancient bone altar of Kikubaaqudgha.
  2088 | D:6      | Found a faded altar of an unknown god.
  2090 | D:6      | Found a hazy altar of Hepliaklqana.
  2092 | D:6      | Found a stormy altar of Qazlal.
  2186 | D:6      | Found a staircase to the Ecumenical Temple.
  2199 | D:6      | Reached skill level 8 in Axes
  2278 | Temple   | Entered the Ecumenical Temple
  2753 | D:7      | Gained mutation: You passively map the area around you.
                  | [Deep Dwarf growth]
  2753 | D:7      | Reached XP level 9. HP: 36/81 MP: 7/7
  3104 | D:7      | Noticed Harold
  3119 | D:7      | Killed Harold
  3119 | D:7      | Reached skill level 9 in Axes
  3797 | D:8      | Reached skill level 10 in Axes
  3805 | D:8      | Found Acwock's General Store.
  3823 | D:8      | Bought a scroll of enchant weapon for 97 gold pieces
  3823 | D:8      | Bought a scroll of fog for 26 gold pieces
  4196 | D:3      | Found a sacrificial altar of Ru.
  4374 | D:3      | Found a glowing silver altar of Zin.
  4674 | D:2      | Found a bloodstained altar of Trog.
  5162 | D:9      | Noticed a troll
  5172 | D:9      | Killed a troll
  5172 | D:9      | Reached XP level 10. HP: 57/92 MP: 7/7
  5376 | D:9      | Found an opulent altar of Gozag.
  5410 | D:9      | Found a runed translucent gate.
  5411 | D:9      | Found a runed translucent gate.
  5412 | D:9      | Found a runed translucent gate.
  5533 | D:9      | Got an encrusted scale mail
  5544 | D:9      | Identified the +0 scale mail of Hedging {+Inv rElec rF-}
                  | (You found it on level 9 of the Dungeon)
  5545 | D:9      | Noticed Tenz's ghost (novice SpAs)
  5546 | D:9      | Noticed Flugslaktarn's ghost (novice DDFi)
  5574 | D:9      | Noticed Maggie
  5590 | D:9      | Killed Maggie
  5674 | D:9      | Reached skill level 11 in Axes
  5713 | D:9      | Found a staircase to the Lair.
  5913 | D:9      | Found a burning altar of Makhleb.
  6084 | D:9      | Became a worshipper of Makhleb the Destroyer
  6198 | D:8      | Reached skill level 1 in Invocations
  6228 | D:8      | Noticed a purple ugly thing
  6249 | D:8      | HP: 3/94 [purple ugly thing (2)]
  6250 | D:8      | Killed a purple ugly thing
  6266 | D:8      | HP: 4/94 [orc/+0 whip (3)]
  6286 | D:8      | Reached * piety under Makhleb
  6370 | D:8      | Got a bloodstained battleaxe
  6393 | D:8      | Identified the +6 battleaxe of Ushruxtos {venom, MP+9} (You
                  | found it on level 8 of the Dungeon)
  6637 | D:8      | Found a glowing golden altar of the Shining One.
  6958 | Lair:1   | Entered Level 1 of the Lair of Beasts
  6958 | Lair:1   | Noticed Erica
  6981 | D:10     | Entered Level 10 of the Dungeon
  6988 | D:10     | Reached XP level 11. HP: 29/100 MP: 2/2
  7106 | D:10     | Noticed a two-headed ogre
  7117 | D:10     | Killed a two-headed ogre
  7117 | D:10     | Reached skill level 5 in Invocations
  7192 | D:10     | Noticed Urug
  7205 | D:10     | Killed Urug
  7216 | D:10     | Found a portal to a secret trove of treasure.
  7325 | D:10     | Found a transporter.
  7368 | D:10     | Reached ** piety under Makhleb
  7532 | D:10     | Noticed Flugslaktarn's ghost (journeyman DDFi)
  7543 | D:10     | Noticed a sea snake
  7558 | D:10     | Found a transporter.
  7656 | D:10     | Found a one-way gate to the infinite horrors of the Abyss.
  7741 | Lair:1   | Killed Erica
  7767 | Lair:1   | Noticed a seven-headed hydra
  7790 | Lair:1   | Killed a one-headed hydra
  8156 | Lair:1   | Reached skill level 12 in Axes
  8628 | Lair:2   | Noticed a death yak
  8629 | Lair:2   | Noticed a death yak
  8630 | Lair:2   | Noticed a death yak
  8631 | Lair:2   | Noticed a death yak
  8640 | Lair:2   | Noticed a death yak
  8651 | Lair:2   | Noticed a death yak
  8657 | Lair:2   | Killed a death yak
  8667 | Lair:2   | Killed a death yak
  8682 | Lair:2   | Killed a death yak
  8691 | Lair:2   | Killed a death yak
  8691 | Lair:2   | Reached XP level 12. HP: 112/112 MP: 5/5
  8699 | Lair:2   | Killed a death yak
  8699 | Lair:2   | Reached skill level 10 in Armour
  8699 | Lair:2   | Reached skill level 10 in Shields
  8703 | Lair:2   | Killed a death yak
  8706 | Lair:2   | Reached *** piety under Makhleb
  8802 | Lair:2   | Found a staircase to the Swamp.
  9063 | Lair:2   | Found a staircase to the Snake Pit.
  9639 | Lair:3   | Reached skill level 10 in Invocations
  9939 | Lair:4   | Found a hide-covered altar of Uskayaw.
  9951 | Lair:4   | Reached **** piety under Makhleb
  9977 | Lair:4   | Reached skill level 13 in Axes
 10204 | Lair:4   | Noticed Josephine
 10214 | Lair:4   | Killed Josephine
 10585 | Lair:5   | Noticed an eight-headed hydra
 10614 | Lair:5   | Killed a 14-headed hydra
 10614 | Lair:5   | Reached XP level 13. HP: 94/121 MP: 7/7
 11015 | Lair:6   | Entered Level 6 of the Lair of Beasts
 11049 | Lair:6   | Gained mutation: Your system is resistant to poisons.
                  | (rPois) [potion of mutation]
 11049 | Lair:6   | Gained mutation: You have large cloven feet. [potion of
                  | mutation]
 11049 | Lair:6   | Gained mutation: Armour fits poorly on your strangely
                  | shaped body. [potion of mutation]
 11050 | Lair:6   | Lost mutation: You have large cloven feet. [potion of
                  | mutation]
 11050 | Lair:6   | Lost mutation: Armour fits poorly on your strangely shaped
                  | body. [potion of mutation]
 11050 | Lair:6   | Gained mutation: You are partially covered in slimy green
                  | scales. (AC +2) [potion of mutation]
 11050 | Lair:6   | Gained mutation: You are agile. (Dex +2) [potion of
                  | mutation]
 11273 | Lair:6   | Reached skill level 10 in Fighting
 11277 | Lair:6   | Reached ***** piety under Makhleb
 11667 | Lair:6   | Reached skill level 14 in Axes
 11789 | Lair:6   | Gained mutation: You resist negative energy. (rN+) [Deep
                  | Dwarf growth]
 11789 | Lair:6   | Reached XP level 14. HP: 77/133 MP: 10/10
 12530 | Snake:1  | Entered Level 1 of the Snake Pit
 13223 | Snake:3  | Reached ****** piety under Makhleb
 13388 | Snake:4  | Entered Level 4 of the Snake Pit
 13444 | Snake:4  | Identified a scroll of acquirement
 13444 | Snake:4  | Identified the +3 lajatang of Famine {vorpal, rElec Str+6}
                  | (You acquired it on level 4 of the Snake Pit)
 13629 | Snake:4  | Reached XP level 15. HP: 102/142 MP: 9/9
 13663 | Snake:4  | Found Beduluz's Distillery.
 13685 | Snake:4  | Bought 2 potions of resistance for 300 gold pieces
 13685 | Snake:4  | Bought 2 potions of invisibility for 240 gold pieces
 13685 | Snake:4  | Bought a potion of mutation for 120 gold pieces
 13849 | Snake:4  | Noticed a nagaraja
 13852 | Snake:4  | Noticed a nagaraja
 13856 | Snake:4  | Noticed Agnes
 13860 | Snake:4  | Reached skill level 15 in Axes
 13873 | Snake:4  | Killed Agnes
 13876 | Snake:4  | Killed a nagaraja
 13876 | Snake:4  | Killed a nagaraja
 13882 | Snake:4  | Noticed a nagaraja
 13883 | Snake:4  | Noticed a nagaraja
 13886 | Snake:4  | Noticed a nagaraja
 13912 | Snake:4  | HP: 7/144 [nagaraja/cursed -2 spear (10)]
 13948 | Snake:4  | Killed a nagaraja
 13950 | Snake:4  | Killed a nagaraja
 13964 | Snake:4  | Killed a nagaraja
 14010 | Snake:4  | Got a serpentine rune of Zot
 14358 | Swamp:1  | Entered Level 1 of the Swamp
 14638 | Swamp:2  | Noticed a thorn hunter
 14659 | Swamp:2  | Killed a thorn hunter
 14677 | Swamp:3  | Paralysed by a hornet for 1 turns
 14679 | Swamp:3  | HP: 5/144 [spriggan druid/angry trees (4)]
 14679 | Swamp:3  | Slain by a shambling mangrove

Levels and vault maps discovered:
D:1:      wheals_arrival_linesprint, layout_loops_ring
D:2:      layout_loops_ring, old_standard_altar, trog_butcher_becter
D:3:      layout_rooms, zin_treasury, hangedman_ru_absence, first_ration
D:4:      layout_basic, led_xom_imps
D:5:      layout_loops_ring, nicolae_overflow_crystal_walls, old_standard_altar,
          marbit_many_paths
D:6:      layout_rooms, chequers_temple_overflow_minitemple,
          minmay_temple_entry_steel_oval, st_stairs_9,
          grunt_dithmenos_smoke_and_mirrors, uniq_grinder
D:7:      layout_basic, minmay_unpleasant_kobolds, uniq_harold
D:8:      minmay_the_grid_octo_triangle [minmay_the_grid_octo_clover_2,
          minmay_the_grid_octo_prize_ultimate_mussel_roller,
          minmay_the_grid_octo_toaster], layout_basic,
          overflow_temple_1_default, serial_shops, shop_fountains,
          kennysheep_generic_room_15
D:9:      layout_basic, lemuel_coloured_pillars_altar, lemuel_round_altar,
          lair_entry_dummy, gammafunk_ghost_cemetery, grunt_ministairs_8,
          uniq_maggie
D:10:     kennysheep_spiral_hall, layout_cave_pools,
          gammafunk_ghost_abyssal_escape, nicolae_trove_entry_columns,
          hangedman_little_slice_of_home, uniq_urug
Temple:   compressed_dpeg_triangle_lava_temple
Lair:1:   layout_roguey, cheibrodos_lair_reptile_den, uniq_erica
Lair:2:   layout_cave_shapes, nicolae_swamp_entry_splash_gauntlet,
          guppyfry_snake_entry_island
Lair:3:   layout_gridlike
Lair:4:   layout_cave_shapes, serial_bayou_pond_a, lemuel_oklob_altar,
          grunt_megastairs_1, infiniplex_staircase_pool, uniq_josephine
Lair:5:   layout_big_grid, minmay_slime_entry_oklob_open, beast_lair_carwin_11,
          lemuel_fruit_fields
Lair:6:   guppyfry_lair_end_dragon, layout_layer_cave,
          hangedman_lair_tendril_chambers
Swamp:1:  layout_basic_swamp, ebering_ghost_xom, evilmike_swamp_ruin_house_4,
          swamp_pool5
Swamp:2:  layout_basic_swamp, evilmike_swamp_ruin_house_3
Swamp:3:  layout_basic_swamp, evilmike_swamp_ruin_wall
Snake:1:  layout_chambers, serial_shops, shop, shop, grunt_ministairs_4,
          st_stairs_9, uniq_rupert, uniq_aizul
Snake:2:  layout_onion_interference, uniq_nikola
Snake:3:  layout_grid_shapes, serial_shops, shop
Snake:4:  snake_pit, layout_grid_maze, serial_shops, shop_fountains,
          nicolae_snake_shapes, uniq_mara, uniq_agnes

Skill      XL: |  1  2  3  4  5  6  7  8  9 10 11 12 13 14 15 |
---------------+----------------------------------------------+-----
Axes           | 3 4 5 6 8 10 11 12 13 14 15 | 15.6
Fighting       | 3 4 5 6 7 8 9 10 11 12 | 12.1
Armour         | 4 5 6 7 8 9 11 12 13 14 | 14.0
Shields        | 4 5 6 7 8 9 11 12 13 14 | 14.0
Invocations    | 3 8 10 12 13 14 | 14.7

Action                   |  1- 3 |  4- 6 |  7- 9 | 10-12 | 13-15 || total
-------------------------+-------+-------+-------+-------+-------++-------
Melee: War axe           |    86 |   197 |   521 |   196 |       ||  1000
       Unarmed           |       |       |    12 |       |       ||    12
       Broad axe         |       |       |       |   534 |   969 ||  1503
       Battleaxe         |       |       |       |    75 |       ||    75
       Scimitar          |       |       |       |     9 |       ||     9
Invok: Lesser Servant of |       |       |       |     2 |     8 ||    10
       Greater Servant o |       |       |       |       |     2 ||     2
 Abil: Heal Wounds       |     1 |     5 |    15 |    26 |    28 ||    75
Evoke: Wand              |       |       |       |     6 |       ||     6
  Use: Scroll            |       |       |    12 |    12 |    10 ||    34
       Potion            |       |       |       |     4 |    12 ||    16
 Stab: Confused          |       |       |     2 |       |       ||     2
       Distracted        |       |       |       |       |     3 ||     3
  Eat: Chunk             |       |     2 |    14 |    19 |    11 ||    46
       Ration            |       |       |       |     1 |     1 ||     2
Armor: Scale mail        |    58 |   101 |    93 |     4 |       ||   256
       Chain mail        |       |       |    79 |   415 |   661 ||  1155
       Skin              |       |       |     4 |       |       ||     4
Dodge: Dodged            |    32 |    74 |    87 |   153 |   203 ||   549
Block: Kite shield       |    65 |   105 |       |       |       ||   170
       Tower shield      |       |     7 |   443 |   764 |  1423 ||  2637

Table legend:
 A = Non-vault XP
 B = Vault XP
 C = Vault XP percentage of total XP
 D = Non-vault monster count
 E = Vault monster count
 F = Vault count percentage of total count
                 A         B        C        D         E       F
            +---------+---------+-------+---------+---------+-------
      Total |   93196 |   56714 |  37.8 |     519 |     168 |  24.5
            +---------+---------+-------+---------+---------+-------
        D:1 |      23 |       0 |   0.0 |      12 |       0 |   0.0
        D:2 |      72 |       7 |   8.9 |      16 |       4 |  20.0
        D:3 |     191 |       0 |   0.0 |      29 |       0 |   0.0
        D:4 |     243 |     200 |  45.1 |      16 |       4 |  20.0
        D:5 |     431 |       0 |   0.0 |      20 |       0 |   0.0
        D:6 |     860 |     519 |  37.6 |      32 |       3 |   8.6
        D:7 |    1133 |    1107 |  49.4 |      29 |       7 |  19.4
        D:8 |    1469 |    1783 |  54.8 |      54 |      16 |  22.9
        D:9 |    2286 |     617 |  21.3 |      48 |       3 |   5.9
       D:10 |    1413 |    1496 |  51.4 |      11 |      13 |  54.2
     Lair:1 |    2052 |    1284 |  38.5 |       8 |       8 |  50.0
     Lair:2 |   10893 |    1177 |   9.8 |      31 |       7 |  18.4
     Lair:3 |    2890 |       0 |   0.0 |      15 |       0 |   0.0
     Lair:4 |    1921 |    2147 |  52.8 |      12 |       6 |  33.3
     Lair:5 |    6155 |    1490 |  19.5 |      29 |       3 |   9.4
     Lair:6 |   14686 |   12773 |  46.5 |      51 |      45 |  46.9
    Swamp:1 |    2095 |       0 |   0.0 |       7 |       0 |   0.0
    Swamp:2 |   14282 |       0 |   0.0 |      33 |       0 |   0.0
    Swamp:3 |     174 |       0 |   0.0 |       1 |       0 |   0.0
    Snake:1 |    5196 |     675 |  11.5 |       8 |       2 |  20.0
    Snake:2 |    6993 |       0 |   0.0 |      15 |       0 |   0.0
    Snake:3 |   10471 |       0 |   0.0 |      24 |       0 |   0.0
    Snake:4 |    7267 |   31439 |  81.2 |      18 |      47 |  72.3
            +---------+---------+-------+---------+---------+-------
